 Dungeon Crawl Stone Soup version 0.31-a0-246-g8cbcc1cb85 (webtiles) character file.

Game seed: 16809566823357714918

42 qw the Shooter (level 3, -1/21 HPs)
             Began as a Gargoyle Hexslinger on July 12, 2023.
             Slain by a hound (4 damage)
             ... on level 4 of the Dungeon.
             The game lasted 00:00:24 (1040 turns).

qw the Shooter (Gargoyle Hexslinger)                Turns: 1040, Time: 00:00:24

Health: -1/21      AC:  8    Str: 11    XL:     3   Next: 56%
Magic:  4/4        EV: 10    Int: 13    God:
Gold:   80         SH:  0    Dex: 14    Spells: 3/4 levels left

rFire   . . .        Y - +1 sling
rCold   . . .        (no shield)
rNeg    + . .        f - +0 ring mail
rPois   inf          (no helmet)
rElec   +            (no cloak)
rCorr   .            (no gloves)
SInv    .            (no boots)
Will    .....        (no amulet)
Stlth   +            (no ring)
HPRegen 0.23/turn    (no ring)
MPRegen 0.09/turn

%: no passive effects
@: no status effects
A: sickness immunity, AC +3, negative energy resistance 1, electricity
resistance, torment resistance 1, petrification resistance
a: no special abilities


You were on level 4 of the Dungeon.
You visited 1 branch of the dungeon, and saw 3 of its levels.

You collected 80 gold pieces.


Innate Abilities, Weirdness & Mutations

You are immune to sickness and miasma.
Your stone body is resilient. (AC +3)
You are immune to poison.
You resist negative energy. (rN+)
You are resistant to electric shocks. (rElec)
You are resistant to unholy torment.
You are immune to petrification.


   Skills:
 - Level 2.1 Fighting
 + Level 3.3 Ranged Weapons
 - Level 1.5 Dodging
 - Level 1.0 Spellcasting
 - Level 2.6 Hexes


You had 3 spell levels left.
You knew the following spells:

 Your Spells              Type           Power      Damage    Failure   Level
a - Slow                  Hex            28%        N/A       22%         1

Your spell library contained the following spells:

 Spells                   Type           Power      Damage    Failure   Level
 Inner Flame              Hex/Fire       4%         N/A       75%         3
 Portal Projectile        Hex/Tloc       8%         N/A       75%         3
 Cause Fear               Hex            3%         N/A       92%         4

Inventory:

Hand Weapons
 Y - a +1 sling (weapon)
Armour
 f - a +0 ring mail (worn)
Scrolls
 a - a scroll of fear {unknown}
 b - a scroll of immolation {unknown}
Potions
 g - 2 potions of invisibility {unknown}
 h - 3 potions of ambrosia {unknown}
 i - a potion of mutation {unknown}

Dungeon Overview and Level Annotations

Branches:
Dungeon (2/15)

Altars:


Message History

The hound bites you. x2
An orc priest comes into view. It is wielding a +0 trident.
You shoot a sling bullet. The sling bullet hits the hound.
The hound is moderately wounded.
The hound barely misses you. The hound bites you but does no damage.
You shoot a sling bullet.
The sling bullet barely misses the hound.
The hound bites you but does no damage. x2
The goblin hits you but does no damage.
You shoot a sling bullet.
The sling bullet closely misses the hound.
The sling bullet barely misses the orc.
The hound closely misses you. The goblin closely misses you.
The orc priest hits you but does no damage.
The hound bites you but does no damage.
You shoot a sling bullet.
The sling bullet barely misses the hound.
The hound bites you but does no damage. The goblin closely misses you.
The orc priest hits you but does no damage.
The hound misses you.
You shoot a sling bullet. The sling bullet hits the hound.
The hound is severely wounded.
The hound bites you. The goblin closely misses you.
The orc priest barely misses you. The hound bites you.
The orc priest hits you but does no damage.
The goblin barely misses you.
You shoot a sling bullet.
The sling bullet hits the hound but does no damage.
The hound is severely wounded.
The hound misses you. The goblin hits you with a +0 dagger.
The orc priest closely misses you. The hound bites you.
You shoot a sling bullet.
The sling bullet barely misses the hound.
The hound bites you. The goblin hits you but does no damage.
The orc priest barely misses you. The hound bites you but does no damage.
The goblin hits you with a +0 dagger. The orc priest misses you.
You shoot a sling bullet.
The sling bullet barely misses the hound.
The hound bites you. x2
You die...

#.#.############....###.
..#%......#.......#.....
#.....###.#.#####.#####.
#.###.# #.#.# ... #.#
#.# #.#.# #### # #.# #.#
#.#.####.# #.# #.# #.#
#.#......# .. #.#
#.###.########.# #.#
#.##........@go# ..#
#.##...######ho# ###
#.##...# o.#
#####.##...## ..#
............# ...
#####.##....# ...#
#.#####.# .... #.# #.#
.(... #.#####.##


You could see a hound, an orc priest, 2 orcs and a goblin.

Vanquished Creatures
  2 adders (D:4)
  3 ball pythons
  2 endoplasms
  A goblin (D:2)
  3 hobgoblins
  3 jackals (D:4)
  2 kobolds
  4 bats
  2 frilled lizards (D:1)
22 creatures vanquished.

Notes
Turn   | Place    | Note
-------+----------+-------------------------------------------
     0 | D:1      | qw the Gargoyle Hexslinger began the quest for the Orb.
     0 | D:1      | Reached XP level 1. HP: 12/12 MP: 2/2
     0 | D:1      | 0 ||| qw: Version: 0.3-a-52-g30416fa
     0 | D:1      | 0 ||| qw: Game counter: 6498
     0 | D:1      | 0 ||| qw: Melee chars always use a shield: true
     0 | D:1      | 0 ||| qw: God list: Okawaru
     0 | D:1      | 0 ||| qw: Allow faded altars: false
     0 | D:1      | 0 ||| qw: Do Orc after clearing Dungeon:15 true
     0 | D:1      | 0 ||| qw: Do second Lair branch before Depths: true
     0 | D:1      | 0 ||| qw: Lair rune preference: random
     0 | D:1      | 0 ||| qw: Goals: Normal
     0 | D:1      | 0 ||| PLANNING D:1-11
   298 | D:1      | Reached XP level 2. HP: 16/16 MP: 3/3
   597 | D:1      | 597 ||| UPGRADING to +0 leather armour.
   607 | D:1      | 607 ||| DROPPING +0 robe.
   608 | D:1      | 608 ||| UPGRADING to +0 ring mail.
   618 | D:1      | 618 ||| DROPPING +0 leather armour.
   619 | D:1      | 619 ||| READING scroll labelled OPETUL HOMPUNAFIA.
   620 | D:1      | 620 ||| DROPPING scroll of poison.
   669 | D:2      | Reached skill level 3 in Ranged Weapons
   686 | D:2      | You fall into a shaft and drop 2 floors!
   742 | D:4      | HP: 4/16 [adder (3)]
   749 | D:4      | HP: 3/16 [adder (3)]
   751 | D:4      | Reached XP level 3. HP: 4/21 MP: 4/4
  1039 | D:4      | HP: 5/21 [hound (1)]
  1040 | D:4      | Slain by a hound

Levels and vault maps discovered:
D:1:      zaba_arrival_water, layout_basic
D:2:      layout_basic, serial_corexii_hall, corexii_hall_statues_s,
          corexii_hall_statues_l, corexii_hall_statues_i,
          corexii_hall_statues_deadend, corexii_hall_statues_l,
          chequers_hall_statues_y, minmay_tripent
D:4:      layout_basic, lemuel_temple_firewalk_b

Skill      XL: |  1  2 |
---------------+-------+-----
Ranged Weapons | 3 |  3.3
Fighting       | 2 |  2.1
Dodging        | |  1.5
Spellcasting   | |  1.0
Hexes          | |  2.6

Action                     || total
---------------------------++-------
   Fire: Sling             ||   107
    Use: Scroll            ||     1
 Armour: Robe              ||     3
         Ring mail         ||    39
  Dodge: Dodged            ||    58

Table legend:
 A = Non-vault XP
 B = Vault XP
 C = Vault XP percentage of total XP
 D = Non-vault monster count
 E = Vault monster count
 F = Vault count percentage of total count
                 A         B        C        D         E       F
            +---------+---------+-------+---------+---------+-------
      Total |      57 |       4 |   6.6 |      20 |       2 |   9.1
            +---------+---------+-------+---------+---------+-------
        D:1 |      14 |       0 |   0.0 |       9 |       0 |   0.0
        D:2 |       4 |       4 |  50.0 |       2 |       2 |  50.0
        D:4 |      39 |       0 |   0.0 |       9 |       0 |   0.0
            +---------+---------+-------+---------+---------+-------
